 Seeded DCSS version 0.30-a0-465-g8901f6c8b5 (webtiles) character file.

Game seed: 17409462723194563177 (custom seed)

130 purpskrrrp the Cudgeller (level 5, -7/32 HPs)
             Began as a Gargoyle Fighter on Dec 17, 2022.
             Killed from afar by Robin (15 damage)
             ... with a bolt of light
             ... on level 2 of the Dungeon.
             The game lasted 00:01:49 (1158 turns).

purpskrrrp the Cudgeller (Gargoyle Fighter)         Turns: 1158, Time: 00:01:49

Health: -7/32      AC: 10    Str: 22    XL:     5   Next: 13%
Magic:  5/5        EV:  9    Int:  8    God:
Gold:   96         SH:  4    Dex:  9    Spells: 4/4 levels left

rFire   . . .      SeeInvis .    l - +0 whip (elec)
rCold   + . .      Faith    .    c - +0 buckler
rNeg    + . .      Spirit   .    b - +0 scale mail
rPois   ∞          Reflect  .    (no helmet)
rElec   +          Harm     .    (no cloak)
rCorr   .          Rampage  .    (no gloves)
Will    .....                    (no boots)
Stlth   ..........               (no amulet)
HPRegen 0.25/turn                e - ring of protection from cold
MPRegen 0.09/turn                (no ring)

@: studying Unarmed Combat
A: sickness immunity, AC +4, negative energy resistance 1, electricity
resistance, torment resistance 1, petrification resistance
a: no special abilities


You were on level 2 of the Dungeon.
You visited 1 branch of the dungeon, and saw 2 of its levels.

You collected 96 gold pieces.

Inventory:

Hand Weapons
 a - a +0 flail
 l - a +0 whip of electrocution (weapon)
Armour
 b - a +0 scale mail (worn)
 c - a +0 buckler (worn)
Jewellery
 e - a ring of protection from cold (left hand)
Scrolls
 f - a scroll of teleportation
 h - a scroll of fog {unknown}
 m - a scroll of immolation {unknown}
 p - a scroll of identify
Potions
 d - a potion of might
 g - 2 potions of curing
 i - a potion of ambrosia {unknown}
 j - 2 potions of attraction {unknown}
 k - a potion of brilliance {unknown}
 n - a potion of flight {unknown}
 o - a potion of haste {unknown}
 q - a potion of heal wounds {unknown}


   Skills:
 - Level 3.2 Fighting
 + Level 4.8 Maces & Flails
 - Level 3.2 Armour
 - Level 3.2 Shields
 * Level 2.3 Unarmed Combat


You had 4 spell levels left.
You didn't know any spells.
Your spell library was empty.

Dungeon Overview and Level Annotations

Branches:
Dungeon (2/15)

Altars:

Annotations:
D:2 Robin


Innate Abilities, Weirdness & Mutations

You are immune to sickness and miasma.
Your stone body is resilient. (AC +4)
You are immune to poison.
You resist negative energy. (rN+)
You are resistant to electric shocks. (rElec)
You are resistant to unholy torment.
You are immune to petrification.


Message History

You are too injured to fight recklessly!
You are too injured to fight recklessly!
You are too injured to fight recklessly!
You are too injured to fight recklessly!
You are too injured to fight recklessly!
You are too injured to fight recklessly!
You are too injured to fight recklessly!
You are too injured to fight recklessly!
You are too injured to fight recklessly!
You are too injured to fight recklessly!
You are too injured to fight recklessly!
You are too injured to fight recklessly!
You are too injured to fight recklessly!
You are too injured to fight recklessly!
You are too injured to fight recklessly!
You are too injured to fight recklessly!
You hit the goblin but do no damage. Lightning courses through the goblin!
You kill the goblin!
You block Robin's attack.
Robin zaps a wand.
The bolt of light hits you!
* * * LOW HITPOINT WARNING * * *
Things that are here:
a +0 club; a goblin corpse Robin hits you but does no damage.
Found 3 stones.
Robin hits you but does no damage.
Items here: ))))))) †††††††.
You hit Robin.
Robin is moderately wounded.
You feel better.
Robin zaps a wand.
The bolt of light misses you.
You whack Robin!
Robin is severely wounded.
The hobgoblin no longer looks unusually strong.
You block Robin's attack.
You barely miss Robin.
Robin is severely wounded.
Robin hits you but does no damage.
You hit Robin but do no damage.
Robin is severely wounded.
Robin zaps a wand.
The bolt of light hits you!
You die...

##.....##
##..)....#
........#
## .......
.# ....(
## .g. #
#g# ####
#@# ...#
#.# ##.#
#)# ##.#
#.# .#.#
####.#
.#.#
#....###
##.#
#......#
##.#
######.#
...# #.#


You could see Robin and a hobgoblin.

Vanquished Creatures
  Jessica (D:2)
  Natasha (D:2)
  2 gnolls
  An adder (D:2)
  A dart slug (D:2)
  5 bats
  An endoplasm (D:2)
  4 giant cockroaches
  10 goblins
  7 hobgoblins
  2 quokkas (D:1)
  3 ball pythons (D:1)
  A frilled lizard (D:1)
  2 kobolds (D:1)
  5 rats
46 creatures vanquished.

Vanquished Creatures (others)
  A plant (D:1)
1 creature vanquished.

Grand Total: 47 creatures vanquished

Notes
Turn   | Place    | Note
-------+----------+-------------------------------------------
     0 | D:1      | purpskrrrp the Gargoyle Fighter began the quest for the
                  | Orb.
     0 | D:1      | Reached XP level 1. HP: 14/14 MP: 1/1
   193 | D:1      | Reached XP level 2. HP: 15/19 MP: 2/2
   324 | D:1      | Found a faded altar of an unknown god.
   386 | D:1      | Reached skill level 3 in Maces & Flails
   488 | D:1      | Reached XP level 3. HP: 14/23 MP: 3/3
   747 | D:2      | Noticed Jessica
   757 | D:2      | Killed Jessica
   758 | D:2      | Reached skill level 4 in Maces & Flails
   758 | D:2      | Reached XP level 4. HP: 22/28 MP: 4/4
   936 | D:2      | Noticed Natasha
   953 | D:2      | Killed Natasha
   954 | D:2      | Reached skill level 1 in Unarmed Combat
  1015 | D:2      | Reached XP level 5. HP: 32/32 MP: 5/5
  1112 | D:2      | Noticed Robin
  1151 | D:2      | HP: 1/32 [Robin/bolt of light (14)]
  1158 | D:2      | Killed from afar by Robin

Illustrated notes

Levels and vault maps discovered:
D:1:      dpeg_arrival_pond, layout_basic, ebering_ecumenical_altar_hall,
          serial_forest, infiniplex_forest_split,
          infiniplex_forest_clump_curved, infiniplex_forest_clump_large,
          infiniplex_forest_lined_3_way, infiniplex_forest_clump_small,
          infiniplex_forest_diagonal, infiniplex_forest_corner_1,
          infiniplex_forest_corner_2, infiniplex_forest_straight_4
D:2:      layout_loops_ring, minmay_randomly_rotated_circles, uniq_robin,
          uniq_natasha, uniq_jessica

Skill      XL: |  1  2  3  4  5 |
---------------+----------------+-----
Maces & Flails | 3 4 |  4.8
Unarmed Combat | 1 2 |  2.3
Fighting       | |  3.2
Armour         | |  3.2
Shields        | |  3.2

Action                   |  1- 3 |  4- 6 || total
-------------------------+-------+-------++-------
Melee: Flail             |    54 |       ||    54
       Whip              |    29 |    92 ||   121
  Use: Scroll            |     4 |       ||     4
       Potion            |       |     1 ||     1
Armor: Scale mail        |    46 |    73 ||   119
Dodge: Dodged            |    44 |    49 ||    93
Block: Buckler           |    14 |    27 ||    41

Table legend: (Time is in decaauts)
 A = Elapsed time spent in this place.
 B = Non-inter-level travel time spent in this place.
 C = Inter-level travel time spent in this place.
 D = Time resting spent in this place.
 E = Time spent auto-exploring this place.
 F = Levels seen in this place.
 G = Mean time per level.
                   A        B        C        D        E       F      G
               +--------+--------+--------+--------+--------+-----+--------+
         Total |   1165 |   1154 |     11 |      0 |    860 |   2 |  582.5 |
       Dungeon |   1165 |   1154 |     11 |      0 |    860 |   2 |  582.5 |
               +--------+--------+--------+--------+--------+-----+--------+

Top non-repeatable levels by time:
     D:1: 736 daAuts
     D:2: 429 daAuts
